 Dungeon Crawl Stone Soup version 0.17-a0-848-g7e5c6af (webtiles) character file.

3396 namelastname112 the Quickloader (level 9, -4/79 HPs)
             Began as a Grey Draconian Hunter on Apr 27, 2015.
             Was an Initiate of Okawaru.
             Slain by a centaur
             ... wielding a cursed -1 shortbow
              (7 damage)
             ... on level 8 of the Dungeon.
             The game lasted 00:14:29 (7763 turns).

namelastname112 the Quickloader (DrHu)              Turns: 7763, Time: 00:14:29

Health: -4/79      AC: 15    Str: 21    XL:     9   Next: 75%
Magic:  8/8        EV: 14    Int: 20    God:    Okawaru [......]
Gold:   418        SH:  0    Dex: 10    Spells: 0 memorised, 8 levels left

rFire  . . .     SeeInvis .     D - +7 long sword of Doom {venom, +Blink rC++ Int+2 Dex-4}
rCold  + + +     Clarity  .     (armour unavailable)
rNeg   . . .     SustAb   .     (no shield)
rPois  .         Gourm    +     (helmet restricted)
rElec  .         Spirit   .     y - +2 cloak
rCorr  .         Warding  .     (no gloves)
rMut   .         Stasis   .     (no boots)
MR     .....                    t - amulet of the gourmand
Stlth  +.........               (no ring)
                                J - +5 ring of intelligence

@: mighty, not resistant to hostile enchantments, very unstealthy
A: walk through water, unfitting armour, horns 1, clever 1, cold resistance 1,
low mp 1, unbreathing, cold-blooded, AC +12
a: Renounce Religion, Evoke Blink


You were on level 8 of the Dungeon.
You worshipped Okawaru.
Okawaru was noncommittal.
You were very full.

You visited 2 branches of the dungeon, and saw 9 of its levels.

You collected 418 gold pieces.

Inventory:

Hand weapons
 a - a +2 quarterstaff of protection
 b - a +1 hand crossbow
 D - the +7 long sword of Doom (weapon) {venom, +Blink rC++ Int+2 Dex-4}
   (You found it on level 6 of the Dungeon)

   It poisons the flesh of those it strikes.
   It affects your intelligence (+2).
   It affects your dexterity (-4).
   It greatly protects you from cold.
   It lets you blink.
 E - a +2 halberd
Missiles
 c - 40 bolts
 o - 15 poisoned bolts
Armour
 y - a +2 cloak (worn)
Jewellery
 t - an amulet of the gourmand (around neck)
 H - an uncursed ring of ice
 I - an uncursed amulet of guardian spirit {unknown}
 J - a +5 ring of intelligence (left hand)
Magical devices
 G - a wand of paralysis (14)
 K - a wand of fire (7)
Scrolls
 e - a scroll of amnesia {unknown}
 f - 5 scrolls of remove curse
 h - a scroll of recharging {unknown}
 n - 9 scrolls of identify {unknown}
 p - a scroll of noise {unknown}
 r - 2 scrolls of teleportation {unknown}
 v - 2 scrolls of fog {unknown}
 w - 2 scrolls of immolation {unknown}
 B - a scroll of blinking {unknown}
 C - 2 scrolls of fear
 F - a scroll of enchant armour {unknown}
Potions
 g - a potion of cure mutation {unknown}
 i - 3 potions of might
 j - 2 potions of agility {unknown}
 k - 3 potions of restore abilities {unknown}
 x - 2 potions of haste {unknown}
 z - a potion of berserk rage {unknown}
 A - a potion of mutation {unknown}
 L - a potion of invisibility {unknown}
Comestibles
 d - 6 bread rations
 l - a royal jelly
 m - 3 slices of pizza
 s - a beef jerky
 u - 2 meat rations


   Skills:
 + Level 7.4 Fighting
 + Level 3.0 Polearms
 * Level 9.6 Crossbows
 + Level 6.5 Dodging
 - Level 0.8 Stealth


You had 8 spell levels left.
You didn't know any spells.

Dungeon Overview and Level Annotations

Branches:
Dungeon (8/15)             Temple (1/1) D:7
   Lair: D:8-11

Altars:
Ashenzari
Cheibriados
Dithmenos
Elyvilon
Fedhas
Gozag
Makhleb
Nemelex Xobeh
Okawaru
Qazlal
Ru
Sif Muna
Trog
Vehumet
Xom
Yredelemnul
The Shining One

Shops:
D:4 %   D:7 (


Innate Abilities, Weirdness & Mutations

You can walk through water.
Your dull iron-grey scales are very hard (AC +12).
Your body does not fit into most forms of armour.
You can survive without breathing.
You are cold-blooded and may be slowed by cold attacks.
You have a pair of small horns on your head.
Your mind is acute. (Int +2)
Your flesh is cold resistant.
Your magical capacity is low (-10% MP).


Message History

The deep elf mage hits you but does no damage.
The centaur barely misses you.
You closely miss the deep elf mage. Your headbutt misses the deep elf mage.
The deep elf mage is moderately wounded.
The centaur misses you.
The deep elf mage points at you and mumbles some strange words.
The bolt of magma hits you!
* * * LOW HITPOINT WARNING * * *
Drink which item? (? for menu, Esc to quit)
It was a potion of might.
You feel very mighty all of a sudden.
The centaur hits you but does no damage.
The deep elf mage casts a spell at you. The stone arrow misses you.
The centaur hits you but does no damage.
You barely miss the deep elf mage. Your headbutt misses the deep elf mage.
Your tail-slap misses the deep elf mage.
The deep elf mage is moderately wounded.
The deep elf mage closely misses you. The centaur hits you with a shortbow!
You die...

.#....')(...#..
.'....#.....#.##+##
####..#.....#'##..## .
####..##'##....#... ...
...'...+..'....#'###....
###########..........# #
## #...#+#......#PP .+
+...+.'..c.....P.
###+##+##..####.@e.......
........### #..(...P..P#
.......# +.....+...##
.†.....# #.....#P...
######+# #..........P
'......+ #..........
######+# #(.........
.......# ...#######
.......# ##..


You could see a deep elf mage and a centaur.

Vanquished Creatures
  Prince Ribbit (D:5)
  A hippogriff (D:8)
  Edmund (D:6)
  4 sky beasts
  A necrophage (D:7)
  3 orc warriors
  3 ice beasts (D:6)
  A centaur (D:7)
  3 ogres
  3 giant frogs
  A gnoll sergeant (D:7)
  2 jellies (D:5)
  4 scorpions
  4 wights (D:6)
  5 crimson imps
  A hound (D:6)
  3 iguanas
  3 orc wizards
  5 orc priests
  5 worker ants
  2 hound zombies
  2 hound skeletons
  A worker ant zombie (D:8)
  8 gnolls
  7 adders
  3 shadow imps
  An ooze (D:2)
  An adder zombie (D:7)
  2 worms
  2 giant geckos
  18 orcs
  13 bats
  2 bat skeletons
  A bat zombie (D:5)
  14 goblins
  8 hobgoblins
  6 jackals
  8 kobolds
  3 quokkas
  3 ball pythons (D:2)
  4 giant cockroaches
  6 giant newts
  A jackal skeleton (D:4)
  A jackal zombie (D:5)
  13 rats
184 creatures vanquished.

Notes
Turn   | Place    | Note
--------------------------------------------------------------
     0 | D:1      | namelastname112, the Draconian Hunter, began the quest for the Orb.
     0 | D:1      | Reached XP level 1. HP: 17/17 MP: 1/1
    75 | D:1      | Reached XP level 2. HP: 9/25 MP: 2/2
   706 | D:2      | Reached skill level 4 in Crossbows
   706 | D:2      | Reached XP level 3. HP: 22/30 MP: 3/3
  1335 | D:2      | Found a blossoming altar of Fedhas.
  1827 | D:3      | Reached XP level 4. HP: 23/38 MP: 4/4
  2171 | D:4      | Found a blossoming altar of Fedhas.
  2180 | D:4      | Found a stormy altar of Qazlal.
  2257 | D:4      | Reached XP level 5. HP: 35/45 MP: 5/5
  2282 | D:4      | Reached skill level 5 in Crossbows
  2426 | D:4      | Reached XP level 6. HP: 33/52 MP: 6/6
  2615 | D:4      | Found Suywn's Food Emporium.
  3253 | D:5      | Entered Level 5 of the Dungeon
  4114 | D:5      | Reached skill level 6 in Crossbows
  4114 | D:5      | Your scales start taking on a dull iron-grey colour.
  4114 | D:5      | Gained mutation: You can survive without breathing. [Grey Draconian growth]
  4114 | D:5      | Reached XP level 7. HP: 60/60 MP: 7/7
  4289 | D:5      | Found a shimmering altar of Xom.
  4425 | D:5      | Noticed Prince Ribbit
  4443 | D:5      | Killed Prince Ribbit
  4443 | D:5      | Reached skill level 5 in Fighting
  4792 | D:5      | Found a glowing golden altar of the Shining One.
  5037 | D:6      | Reached skill level 7 in Crossbows
  5046 | D:6      | Reached XP level 8. HP: 68/68 MP: 8/8
  5342 | D:6      | Reached skill level 5 in Dodging
  5487 | D:6      | Gained mutation: Your magical capacity is low (-10% MP). [mutagenic meat]
  5532 | D:6      | Reached skill level 8 in Crossbows
  5592 | D:6      | Noticed Edmund
  5614 | D:6      | Killed Edmund
  5869 | D:6      | Got a warped long sword
  5903 | D:6      | Reached XP level 9. HP: 56/78 MP: 8/8
  5909 | D:6      | Identified the +7 long sword of Doom {venom, +Blink rC++ Int+2 Dex-4} (You found it on level 6 of the Dungeon)
  6444 | D:7      | Reached skill level 1 in Polearms
  6595 | D:7      | Reached skill level 9 in Crossbows
  6632 | D:7      | Gained mutation: You have a pair of small horns on your head. [mutagenic meat]
  6633 | D:7      | Lost mutation: You have a pair of small horns on your head. [mutagenic meat]
  6634 | D:7      | Gained mutation: You have a pair of small horns on your head. [mutagenic meat]
  6635 | D:7      | Gained mutation: Your mind is acute. (Int +2) [mutagenic meat]
  6636 | D:7      | Gained mutation: Your flesh is cold resistant. [mutagenic meat]
  6815 | D:7      | Found Qour Jex's Weapon Boutique.
  7049 | D:7      | Found a sacrificial altar of Ru.
  7049 | D:7      | Found a basalt altar of Yredelemnul.
  7205 | D:7      | Found a staircase to the Ecumenical Temple.
  7211 | Temple   | Entered the Ecumenical Temple
  7228 | Temple   | Became a worshipper of Warmaster Okawaru
  7761 | D:8      | HP: 3/79 [deep elf mage/bolt of magma (18)]
  7763 | D:8      | Slain by a centaur

Action                   |  1- 3 |  4- 6 |  7- 9 || total
-------------------------+-------+-------+-------++-------
Melee: Short sword       |   157 |       |       ||   157
       Quarterstaff      |    12 |   141 |   197 ||   350
       Long sword        |       |       |   162 ||   162
 Fire: Hand crossbow     |       |     3 |    28 ||    31
  Use: Scroll            |     2 |       |       ||     2
       Potion            |       |       |     3 ||     3
 Stab: Sleeping          |       |     1 |     3 ||     4
  Eat: Chunk             |     1 |    12 |    19 ||    32
       Beef jerky        |     1 |       |     1 ||     2
